Map: Tours du crépuscule

Players

barokHD - Winner!

  • Race: Protoss Protoss
  • League: Diamond

Reyden

  • Race: Terran Terran
  • League: Master

VOD

Have the link to the VOD?

Description

Time

  • Played on: March 4, 2016, 1:35 p.m.
  • Length: 19:19
Show
View Real Time Build Order
Export as new Build Order

barokHD Protoss - Winner!

Build Orders: 1 Gate Expand 

Get SALT Encoding   

  12  0:01  Probe (Chrono Boost)  
  13  0:11  Probe (Chrono Boost)  
  14  0:17  Pylon  
  14  0:22  Probe (Chrono Boost)  
  16  0:35  Probe (Chrono Boost)  
  16  0:37  Gateway  
  16  0:46  Probe (Chrono Boost)  
  16  0:47  Assimilator  
  17  0:56  Probe (Chrono Boost)  
  18  1:07  Probe (Chrono Boost)  
  19  1:22  Nexus  
  19  1:31  Cybernetics Core  
  19  1:34  Probe (Chrono Boost)  
  20  1:41  Assimilator  
  20  1:45  Probe (Chrono Boost)  
  21  1:49  Pylon  
  21  1:55  Probe (Chrono Boost)  
  22  2:06  Probe (Chrono Boost)  
  22  2:07  Adept (Chrono Boost)  
  25  2:09  Warp Gate (Chrono Boost)  
  25  2:17  Probe  
  27  2:30  Probe  
  27  2:31  Stalker (Chrono Boost)  
  27  2:34  Probe  
  30  2:42  Probe  
  31  2:44  Probe  
  32  2:58  Probe  
  32  2:59  Sentry (Chrono Boost)  
  32  3:00  Probe  
  36  3:06  Gateway  
  36  3:07  Gateway  
  36  3:09  Probe  
  36  3:12  Probe  
  38  3:19  Probe  
  38  3:24  Probe  
  38  3:25  Robotics Facility  
  40  3:30  Probe  
  41  3:36  Probe  
  41  3:39  Pylon  
  41  3:40  Probe  
  42  3:48  Probe  
  44  3:51  Probe  
  44  3:52  Pylon  
  45  4:00  Probe  
  45  4:01  Probe  
  46  4:06  Stalker x3  
  53  4:12  Probe  
  53  4:13  Probe  
  53  4:14  Observer  
  56  4:20  Pylon  
  56  4:24  Mothership Core, Probe  
  56  4:27  Nexus  
  56  4:30  Pylon  
  59  4:33  Assimilator  
  59  4:38  Observer, Assimilator  
  60  4:46  Twilight Council  
  60  4:49  Forge  
  60  4:56  Pylon  
  60  4:58  Adept x2  
  60  4:59  Adept  
  66  5:07  Probe  
  66  5:09  Probe  
  66  5:23  Probe  
  66  5:25  Probe  
  66  5:27  Adept x2  
  66  5:28  Adept  
  74  5:33  Gateway  
  74  5:34  Probe, Gateway  
  74  5:37  Probe  
  74  5:38  Probe  
  74  5:39  Gateway  
  77  5:45  Probe  
  77  5:48  Immortal (Chrono Boost)  
  82  5:53  Adept  
  82  5:56  Adept  
  86  5:58  Adept  
  88  6:12  Pylon  
  88  6:15  Pylon x2  
  88  6:16  Adept x2  
  88  6:18  Adept  
  84  6:53  Adept x3  
  90  6:54  Probe x2, Immortal (Chrono Boost)  
  90  6:56  Probe  
  90  6:58  Protoss Ground Weapons Level 1, Assimilator  
  90  7:00  Assimilator  
  97  7:05  Probe x2  
  97  7:07  Resonating Glaives (Chrono Boost), Templar Archives  
  97  7:08  Probe, Gateway  
  100  7:11  Gateway  
  100  7:14  Gateway  
  100  7:17  Probe x2  
  100  7:20  Probe  
  100  7:22  Photon Cannon  
  103  7:25  Photon Cannon  
  103  7:30  Immortal  
  103  7:34  Pylon  
  103  7:35  Pylon  
  103  7:36  Pylon  
  107  7:41  Pylon  
  107  7:43  Pylon, Probe x2  
  110  7:44  Probe, Psionic Storm  
  110  7:49  Sentry x2  
  110  7:51  Adept x2  
  118  7:55  Probe  
  119  7:58  High Templar  
  119  7:59  High Templar  
  123  8:12  High Templar x4  
  129  8:19  Observer  
  132  8:25  Robotics Facility  
  132  8:27  Nexus  
  132  8:29  Blink  
  132  8:33  Pylon  
  132  8:42  Protoss Ground Weapons Level 2  
  132  8:48  Pylon  
  132  8:49  Adept x3  
  132  8:50  Adept x5  
  148  9:05  Pylon, Photon Cannon  
  148  9:08  Photon Cannon  
  148  9:10  Photon Cannon  
  148  9:14  Stalker x2  
  148  9:15  Stalker  
  153  9:31  Stalker x6  
  165  9:39  Probe  
  165  9:40  Probe x3  
  165  9:41  Robotics Bay  
  169  9:59  Adept x4  
  177  10:02  Photon Cannon  
  177  10:08  Warp Prism  
  177  10:09  Adept x2  
  177  10:12  High Templar  
  177  10:13  Photon Cannon, High Templar  
  187  10:50  Colossus x2  
  187  10:52  Extended Thermal Lance  
  199  11:04  Protoss Ground Weapons Level 3  
  199  11:14  Gateway  
  199  11:16  Gateway  
  199  11:18  Gateway  
  199  11:22  Assimilator  
  199  11:27  Assimilator  
  189  11:43  Colossus x2  
  199  12:03  Dark Shrine  
  199  12:04  Nexus  
  199  12:06  Pylon  
  199  12:07  Pylon  
  199  12:08  Pylon  
  199  12:09  Photon Cannon  
  199  12:10  Pylon x2, Photon Cannon  
  199  12:12  Photon Cannon  
  199  12:15  Pylon  
  199  12:26  Photon Cannon  
  199  12:29  Photon Cannon  
  199  12:31  Photon Cannon  
  199  12:33  Photon Cannon  
  199  12:36  Photon Cannon  
  199  12:41  Photon Cannon  
  199  12:55  Photon Cannon  
  199  12:58  Photon Cannon  
  199  13:00  Photon Cannon  
  199  13:04  Photon Cannon  
  199  13:09  Photon Cannon  
  199  13:27  Protoss Ground Armor Level 1  
  181  13:33  Adept x2  
  181  13:34  Adept x6  
  165  13:35  Adept  
  177  13:42  Colossus x2  
  189  13:49  Adept x2  
  189  13:50  Adept  
  189  13:54  Archon x3  
  145  14:23  Zealot x6  
  145  14:24  Zealot x5  
  149  14:35  Colossus x2  
  149  14:37  Dark Templar  
  163  14:48  Zealot x3  
  163  14:49  Zealot x4  
  175  14:53  Stalker x2  
  175  14:54  Stalker  
  153  15:10  Zealot  
  153  15:11  Zealot x6  
  159  15:27  Zealot x4  
  167  15:29  Immortal  
  167  15:30  Immortal  
  167  15:32  High Templar x4  
  183  15:37  Assimilator  
  183  15:42  Assimilator  
  183  15:44  High Templar x3  
  183  15:45  High Templar  
  183  15:48  Archon  
  183  15:49  Archon  
  189  16:05  High Templar x5  
  189  16:09  Archon x2  
  196  17:39  Nexus  
  196  17:40  Pylon, Archon  
  196  17:42  Pylon  
  196  17:43  Pylon  
  194  18:00  Warp Prism  
  120  18:41  Stalker x4  
  120  18:42  Stalker  
  124  18:53  Stalker x2  
  128  19:03  Stalker x2  
  128  19:04  Stalker x3  
Show
View Real Time Build Order
Export as new Build Order

Reyden Terran 

Build Orders: Reaper Expand, Bio Tank 

Get SALT Encoding   

  12  0:01  SCV  
  13  0:13  SCV  
  14  0:19  Supply Depot  
  14  0:25  SCV  
  15  0:40  SCV  
  15  0:42  Barracks  
  16  0:52  SCV  
  16  0:53  Refinery  
  17  1:05  SCV  
  18  1:17  SCV  
  19  1:30  Orbital Command  
  19  1:36  Reaper  
  20  1:42  Command Center  
  20  1:49  Supply Depot  
  20  1:56  SCV  
  21  2:08  SCV  
  22  2:12  Refinery  
  22  2:13  Barracks Reactor  
  22  2:20  SCV  
  23  2:31  Factory  
  23  2:32  SCV  
  24  2:44  SCV  
  25  2:56  Marine x2, SCV  
  27  3:01  Orbital Command, Barracks  
  27  3:06  Barracks  
  27  3:08  SCV  
  28  3:14  Factory Tech Lab, Marine x2  
  30  3:20  SCV  
  30  3:24  Starport  
  30  3:27  SCV  
  32  3:32  Marine, SCV  
  34  3:34  Cyclone  
  34  3:39  SCV  
  38  3:41  Supply Depot  
  38  3:45  SCV  
  38  3:48  Barracks Tech Lab  
  39  3:52  SCV  
  39  3:54  Barracks Reactor  
  40  3:56  Marine x2  
  40  3:57  SCV  
  43  4:03  Refinery  
  43  4:04  SCV  
  47  4:10  SCV  
  47  4:11  Stimpack, Marine  
  47  4:16  SCV  
  47  4:18  Supply Depot  
  47  4:19  Starport Reactor  
  47  4:20  Marine x2  
  47  4:23  SCV  
  50  4:25  Engineering Bay  
  50  4:31  Siege Tank  
  50  4:32  SCV  
  54  4:39  Marine x3, SCV  
  54  4:41  Supply Depot  
  54  4:45  SCV  
  59  4:46  Refinery  
  59  4:48  Marine  
  59  4:51  SCV  
  61  4:56  Terran Infantry Weapons Level 1  
  61  4:57  SCV  
  62  5:02  Medivac  
  62  5:03  SCV, Supply Depot  
  65  5:08  Marine x2  
  65  5:10  Medivac  
  69  5:19  Marine  
  69  5:20  Command Center  
  70  5:25  SCV  
  71  5:32  Medivac, Siege Tank  
  71  5:33  Supply Depot  
  76  5:41  SCV x2  
  78  5:48  Barracks  
  78  5:49  Engineering Bay  
  78  5:54  Marine, SCV x2  
  78  5:56  Supply Depot  
  81  6:02  Armory  
  81  6:03  Medivac  
  81  6:04  Medivac  
  83  6:12  Marine x2, SCV  
  83  6:17  SCV, Siege Tank  
  83  6:37  Marine  
  75  6:50  Marine x4  
  75  6:52  Siege Tank  
  81  6:55  Orbital Command, SCV, Marine  
  81  6:56  Supply Depot  
  81  6:59  Terran Infantry Weapons Level 2  
  81  7:00  Terran Infantry Armor Level 1  
  83  7:01  Terran Vehicle Weapons Level 1  
  83  7:02  Barracks Reactor  
  83  7:10  Combat Shields, SCV  
  83  7:12  Marine x2  
  83  7:13  Orbital Command  
  83  7:14  SCV  
  87  7:22  SCV, Supply Depot  
  88  7:26  Marine x2, SCV  
  91  7:30  Marine x3  
  91  7:31  Siege Tank  
  91  7:32  Medivac  
  91  7:34  Refinery  
  91  7:36  SCV  
  100  7:38  Refinery  
  100  7:40  SCV x2  
  102  7:44  Marine x2  
  102  7:47  Marine  
  102  7:48  Marauder, SCV  
  102  7:49  Marine, Supply Depot  
  109  7:52  SCV  
  109  7:54  SCV  
  111  8:02  Marine x2  
  113  8:05  Marine  
  113  8:08  Missile Turret  
  113  8:09  Marine x2  
  113  8:10  Siege Tank  
  113  8:11  Medivac x2, SCV  
  124  8:14  SCV  
  125  8:20  Marine x2  
  125  8:23  Marine x3, Command Center  
  125  8:25  Supply Depot  
  130  8:27  Marine  
  131  8:36  SCV  
  131  8:38  Supply Depot  
  131  8:40  Ghost Academy  
  132  8:44  Marine  
  132  8:46  Marine x5  
  132  8:47  Marauder  
  140  8:50  Supply Depot  
  140  8:57  SCV  
  140  8:59  Medivac x2  
  140  9:02  Marine  
  146  9:03  SCV  
  146  9:06  Supply Depot  
  146  9:08  Marauder  
  149  9:11  Barracks  
  149  9:12  Barracks  
  149  9:20  Marine x6  
  155  9:27  Siege Tank  
  151  9:33  Personal Cloaking  
  151  9:36  Barracks  
  151  9:37  Marine  
  151  9:38  Marine  
  153  9:39  Medivac x2  
  153  9:44  Supply Depot  
  157  9:46  Barracks  
  157  9:48  Ghost  
  157  9:49  Marine x2  
  157  9:52  Terran Infantry Weapons Level 3, Terran Infantry Armor Level 2  
  159  10:05  Barracks Tech Lab x2  
  159  10:08  Planetary Fortress  
  159  10:09  SCV  
  160  10:17  Supply Depot, Ghost  
  162  10:21  Refinery  
  162  10:23  Ghost x2  
  162  10:25  Refinery  
  162  10:34  Barracks Tech Lab  
  160  10:37  Marine x3  
  160  10:39  SCV  
  160  10:40  Barracks Reactor  
  164  10:45  Ghost  
  166  10:52  Ghost  
  166  10:54  SCV  
  166  10:56  Marine, Ghost x2  
  166  10:57  Marine, Siege Tank  
  174  10:58  Medivac x2, SCV  
  183  11:06  Nuke  
  183  11:10  Marine x3  
  183  11:11  Marine  
  187  11:14  Marine, Ghost  
  190  11:19  Supply Depot  
  190  11:21  Marauder  
  190  11:22  Sensor Tower  
  190  11:24  Terran Vehicle Weapons Level 2, Ghost  
  194  11:29  Widow Mine  
  196  11:38  Viking x2  
  200  12:11  Ghost Academy  
  200  12:12  Ghost Academy  
  200  12:13  Ghost Academy x2  
  198  12:47  Nuke x4  
  198  12:50  Command Center  
  164  13:42  Marine x4  
  164  13:43  Marauder x3, Marine x5  
  164  13:44  Medivac x2  
  183  14:00  Marine x2  
  183  14:01  Marauder  
  183  14:02  Command Center  
  187  14:04  Marauder  
  130  14:25  Marauder x2, Marine x4  
  130  14:26  Marauder x2  
  130  14:30  SCV x2  
  130  14:31  Marine x2  
  134  14:34  Supply Depot  
  134  14:36  Supply Depot  
  134  14:38  Marine x2  
  133  14:43  Marine x4  
  138  14:46  Orbital Command  
  138  14:47  Marauder x4  
  138  14:49  Marine x2  
  142  14:56  Marine x2  
  141  15:00  Marine  
  141  15:01  Marine x3  
  141  15:06  Marine  
  145  15:07  Marine  
  145  15:08  Marauder x3  
  146  15:30  Viking x2  
  150  15:41  Orbital Command  
  148  15:54  Concussive Shells  
  146  16:00  Viking x2  
  150  16:26  Marauder, Marine x2, Ghost x3  
  150  16:27  Marine x4  
  150  16:30  Viking x2  
  166  16:46  Marine x2  
  166  16:47  Marine x6, Ghost  
  126  16:55  Marine x2  
  126  16:56  Marauder  
  126  17:00  Medivac, Viking  
  132  17:04  Marine x4  
  132  17:07  Marine  
  132  17:08  Marine x3  
  134  17:13  Marauder  
  134  17:14  Marauder  
  136  17:16  Marauder  
  136  17:17  Marauder  
  136  17:22  Marine x4  
  128  17:25  Marine x2  
  131  17:30  Medivac x2  
  131  17:35  Marauder x2  
  139  17:38  Marauder  
  141  17:48  SCV  
  142  18:09  Orbital Command  
  142  18:13  Marauder, Marine x3  
  142  18:14  Marauder x3, Marine x3  
  116  18:35  Marauder  
  116  18:39  Marauder x3, Marine x5  
  102  18:47  Marine  
  54  18:56  Marauder  
  54  18:58  Marine  
  54  18:59  Marine x2  
Tags
 
Add a new tag
Caveats
  • Supply blocks, unpowered buildings, or Contaminate may cause inaccurate times.
  • Supply counts are checked every 10 seconds.